 Dungeon Crawl Stone Soup version 0.23.2-33-g5129a83184 (webtiles) character file.

Game seed: 14525090426951207355

11531 MalarOregon the Fighter (level 11, 0/96 (97) HPs)
             Began as a Ghoul Warper on July 9, 2019.
             Was a Follower of Yredelemnul.
             Slain by a porcupine (10 damage)
             ... on level 2 of the Lair of Beasts.
             The game lasted 00:51:30 (19810 turns).

MalarOregon the Fighter (Ghoul Warper)             Turns: 19810, Time: 00:51:31

HP:   0/96 (97)     AC: 12    Str: 16    XL:     11   Next: 79%
MP:   20/20         EV: 12    Int: 11    God:    Yredelemnul [*.....]
Gold: 313           SH:  0    Dex:  8    Spells: 16/24 levels left

rFire    + . .     SeeInvis .     - Unarmed
rCold    + + +     Gourm    .   (no shield)
rNeg     + + +     Faith    .   E - +1 robe {rC+}
rPois    ∞         Spirit   .   a - +2 hat
rElec    .         Reflect  .   L - scarf {rC+ rF+}
rCorr    .         Harm     .   (no gloves)
MR       .....                  m - +1 pair of boots
Stlth    ++........             (no amulet)
HPRegen  0.00/turn              B - +5 ring of protection
MPRegen  0.17/turn              x - ring of stealth

@: very slightly contaminated, rotting, invisible
A: rotting body, claws 1, carnivore, cold resistance 1, negative energy
resistance 3, inhibited regeneration, torment resistance, unbreathing
a: Animate Remains, Renounce Religion


You were on level 2 of the Lair of Beasts.
You worshipped Yredelemnul.
Yredelemnul was aware of your devotion.
You were not hungry.

You visited 3 branches of the dungeon, and saw 13 of its levels.
You also visited: Ossuary.

You collected 885 gold pieces.
You spent 572 gold pieces at shops.

Inventory:

Hand Weapons
 b - a +4 blowgun
   (You took it off a kobold on level 3 of the Dungeon)
Missiles
 d - 7 tomahawks of dispersal {!f}
 g - 410 stones
 h - 38 poisoned needles
 i - 3 throwing nets {!f}
 w - 4 javelins (quivered)
 I - 4 tomahawks
Armour
 a - a +2 hat (worn)
   (You found it on level 6 of the Dungeon)
 m - a +1 pair of boots (worn)
   (You found it on level 1 of the Dungeon)
 E - a +1 robe of cold resistance (worn)
   (You took it off Fannar on level 1 of the Lair of Beasts)
 J - a +0 robe
   (You found it on level 5 of the Dungeon)
 L - a scarf of resistance (worn)
   (You found it on level 1 of the Lair of Beasts)
Jewellery
 x - a ring of stealth (right claw)
   (You found it on level 1 of the Lair of Beasts)
 B - a +5 ring of protection (left claw)
   (You found it on level 3 of the Dungeon)
 G - an uncursed ring of ice
   (You took it off Fannar on level 1 of the Lair of Beasts)
 H - an uncursed amulet of magic regeneration {unknown}
   (You found it on level 1 of the Lair of Beasts)
Scrolls
 c - 2 scrolls of blinking
 f - 2 scrolls of identify {@r1}
 l - 10 scrolls of immolation {!r}
 n - 3 scrolls of magic mapping
 o - a scroll of fog {unknown}
 q - 2 scrolls of amnesia
 s - a scroll of enchant weapon
 t - a scroll of fear
 y - 3 scrolls of teleportation {@r4}
 z - a scroll of acquirement {unknown}
 D - a scroll of summoning {unknown}
Potions
 j - a potion of might {unknown}
 p - 4 potions of curing {@q1}
 r - 4 potions of brilliance
 v - a potion of berserk rage {unknown}
 A - 5 potions of heal wounds {@q2}
 C - a potion of haste {@q3}
 F - 2 potions of flight
Comestibles
 e - 27 rations {!d}


   Skills:
 + Level 9.3 Fighting
 - Level 1.0 Throwing
 - Level 1.0 Armour
 - Level 3.0 Dodging
 + Level 9.1 Unarmed Combat
 - Level 7.0 Spellcasting
 - Level 5.0 Conjurations
 - Level 3.0 Translocations
 + Level 6.5 Ice Magic
 - Level 5.0 Air Magic
 + Level 3.2 Invocations
   Level 2.2 Evocations


You had 16 spell levels left.
You knew the following spells:

 Your Spells              Type           Power        Failure   Level  Hunger
b - Blink                 Tloc           N/A          8%          2    ##.....
d - Freezing Cloud        Conj/Ice/Air   ###.......   95%         6    #######

Your spell library contained the following spells:

 Spells                   Type           Power        Failure   Level  Hunger
 Shock                    Conj/Air       ##..         2%          1    None
 Ensorcelled Hibernation  Hex/Ice        ##....       7%          2    ##.....
 Static Discharge         Conj/Air       ##......     7%          3    ###....
 Poisonous Vapours        Pois/Air       #.....       10%         2    ##.....
 Swiftness                Chrm/Air       #.......     10%         2    ##.....
 Mephitic Cloud           Conj/Pois/Air  ##......     13%         3    ###....
 Shroud of Golubria       Chrm/Tloc      #.........   14%         2    ##.....
 Gell's Gravitas          Tloc           ##........   14%         3    ###....
 Lesser Beckoning         Tloc           ##........   14%         3    ###....
 Teleport Other           Tloc           ##......     14%         3    ###....
 Corona                   Hex            #......      17%         1    None
 Conjure Flame            Conj/Fire      #.......     19%         3    ###....
 Dazzling Spray           Conj/Hex       #.....       19%         3    ###....
 Airstrike                Air            ##........   22%         4    ####...
 Passage of Golubria      Tloc           N/A          43%         4    ####...
 Confuse                  Hex            #.......     45%         3    ###....
 Tukima's Dance           Hex            #.......     45%         3    ###....
 Lightning Bolt           Conj/Air       ##........   52%         5    ######.
 Ring of Flames           Chrm/Fire      #.........   100%        7    #######


Dungeon Overview and Level Annotations

Branches:
Dungeon (10/15)            Temple (1/1) D:6            Lair (2/6) D:9
  Swamp: Lair:2-4    Shoals: Lair:2-4     Snake: Lair:2-4    Spider: Lair:2-4
    Orc: D:9-12

Altars:
Ashenzari
Cheibriados
Dithmenos
Elyvilon
Fedhas
Gozag
Hepliaklqana
Kikubaaqudgha
Makhleb
Nemelex Xobeh
Okawaru
Qazlal
Ru
Sif Muna
Trog
Uskayaw
Vehumet
Wu Jian
Xom
Yredelemnul
Zin
The Shining One

Shops:
D:5 :   D:6 ((:*   D:7 :   D:9 [

Annotations:
Lair:2 exclusions: hydra and upstairs, Nergalle


Innate Abilities, Weirdness & Mutations

Your body is rotting away.
You thrive on raw meat.
You are immune to poison.
You have sharp fingernails.
You are carnivorous and can eat meat at any time.
Your flesh is cold resistant. (rC+)
You are immune to negative energy. (rN+++)
You do not regenerate when monsters are visible.
You are immune to unholy pain and torment.
You can survive without breathing.


Message History

A water moccasin comes into view.
A porcupine comes into view.
The water moccasin bites you.
* * * LOW HITPOINT WARNING * * *
The water moccasin bites you but does no damage.
The water moccasin bites the plant.
Found four items.
Found an escape hatch in the floor.
Okay, then.
You fade into invisibility!
The porcupine barely misses you. The water moccasin barely misses you.
The water moccasin bites the plant but does no damage.
The basilisk gazes at you. You resist with some effort.
The porcupine bites you but does no damage.
You are very lightly contaminated with residual magic.
A black mamba comes into view.
The hippogriff bites the plant.
The hippogriff pecks the plant!
The hippogriff claws the plant but does no damage.
The water moccasin bites the plant.
The basilisk gazes at you. You resist with some effort.
Found 30 gold pieces.
Aim: a basilisk (chance to defeat MR: 51%)
The basilisk resists with significant effort.
The now-empty wand crumbles to dust.
The water moccasin bites the plant but does no damage.
The water moccasin barely misses you.
The hippogriff bites the plant.
The hippogriff pecks the plant but does no damage.
The hippogriff claws the plant.
The black mamba bites you!
* * * LOW HITPOINT WARNING * * *
The water moccasin bites the plant.
The plant is poisoned.
The water moccasin poisons the plant!
The basilisk gazes at you. You resist with some effort.
The water moccasin barely misses you.
You stop training Evocations.
You aren't carrying any items that you can evoke.
The hippogriff bites the plant but does no damage.
The hippogriff pecks the plant.
The hippogriff claws the plant.
The water moccasin bites the plant.
The black mamba barely misses you.
The water moccasin bites the plant.
The hippogriff bites the plant but does no damage.
The hippogriff pecks the plant.
The hippogriff claws the plant.
You hear a zap.
You hear a grinding noise.
The basilisk barely misses you.
The black mamba bites the plant.
The water moccasin bites the plant but does no damage. x2
The basilisk barely misses you.
The plant is destroyed!
The porcupine bites you!
You die...
Yredelemnul claims you as an undead slave.

## ##$
#.$####
#...##
##.r@.##
#.l##..#
....#
#..SS..#
....#
#.HS>(.#
..>.#
#..##..#
!...#
##.%..##
....#
##..##
.?..##
####
.....##


You could see a hippogriff, a black mamba, a basilisk, 2 water moccasins and a
porcupine.

Vanquished Creatures
  Fannar (Lair:1)
  Harold (D:8)
  A two-headed ogre (D:9)
  Pikel (D:6)
  A cyclops (D:9)
  Maurice (D:8)
  A gargoyle (D:10)
  An elephant (D:8)
  A komodo dragon (Lair:2)
  Grinder (D:6)
  Prince Ribbit (D:7)
  A hippogriff (D:7)
  7 yaks
  4 hogs (D:7)
  A human (D:7)
  A hungry ghost (D:8)
  A basilisk (D:8)
  A steam dragon (D:9)
  2 water moccasins (Lair:1)
  2 sky beasts
  Duvessa (D:6)
  A hornet zombie (D:9)
  2 ice beasts
  An orc warrior (D:7)
  A necrophage (D:6)
  2 phantoms (D:8)
  6 ogres
  2 slaves (D:6)
  A centaur (D:6)
  A big kobold (D:8)
  3 crocodiles
  7 bullfrogs
  5 scorpions
  11 killer bees
  Dowan (D:6)
  4 wights (D:8)
  2 howler monkeys
  3 crimson imps
  An orc priest (D:9)
  A centaur skeleton (D:6)
  6 hounds
  3 jellies
  2 bullfrog skeletons
  3 orc wizards
  3 iguanas
  7 worker ants
  A killer bee zombie (D:6)
  A hound skeleton (D:5)
  9 mummies
  10 gnolls
  14 adders
  2 shadow imps
  An ooze (D:2)
  2 adder skeletons
  2 worms
  3 dart slugs
  5 leopard geckos
  20 orcs
  8 giant cockroaches
  A gnoll zombie (Ossuary)
  10 goblins
  11 hobgoblins
  5 jackals
  16 kobolds
  4 quokkas
  3 ball pythons
  6 bats
  3 frilled lizards
  2 goblin skeletons (D:6)
  5 hobgoblin zombies
  A jackal skeleton (D:2)
  2 kobold skeletons (D:6)
  5 kobold zombies
  A leopard gecko skeleton (D:6)
  4 orc skeletons (D:6)
  3 orc zombies
  8 rats
279 creatures vanquished.

Vanquished Creatures (others)
  An ogre (D:6)
  3 fungi (D:9)
  3 plants
7 creatures vanquished.

Grand Total: 286 creatures vanquished

Notes
Turn   | Place    | Note
-------+----------+-------------------------------------------
     0 | D:1      | MalarOregon the Ghoul Warper began the quest for the Orb.
     0 | D:1      | Reached XP level 1. HP: 17/17 MP: 2/2
   318 | D:1      | Reached XP level 2. HP: 25/25 MP: 4/4
  1063 | D:2      | Reached XP level 3. HP: 26/29 MP: 5/5
  1533 | D:2      | Reached XP level 4. HP: 32/38 MP: 6/6
  2015 | D:3      | Found a hazy altar of Hepliaklqana.
  2102 | D:3      | Reached XP level 5. HP: 44/46 MP: 8/8
  3644 | D:4      | Found a sand-covered staircase.
  3655 | Ossuary  | Entered an ossuary
  3920 | Ossuary  | Reached XP level 6. HP: 51/52 MP: 9/9
  5088 | D:4      | Reached skill level 5 in Fighting
  5088 | D:4      | Reached skill level 5 in Unarmed Combat
  5088 | D:4      | Reached XP level 7. HP: 42/61 MP: 11/11
  5581 | D:5      | Entered Level 5 of the Dungeon
  6847 | D:5      | Found Tausukk's Book Boutique.
  6855 | D:5      | Bought a book of Clouds for 450 gold pieces
  6858 | D:5      | Learned a level 2 spell: Blink
  6865 | D:5      | Learned a level 6 spell: Freezing Cloud
  7581 | D:5      | Reached XP level 8. HP: 52/70 MP: 13/13
  7881 | D:6      | Found Puulympo's Assorted Antiques.
  7881 | D:6      | Found Pijurhiz's Book Shop.
  7902 | D:6      | Reached skill level 1 in Ice Magic
  8130 | D:6      | Noticed Grinder
  8270 | D:6      | Reached skill level 1 in Conjurations
  8270 | D:6      | Reached skill level 1 in Air Magic
  8618 | D:6      | Found Cyekk's Weapon Emporium.
  8623 | D:6      | Found Ulemazet's Weapon Emporium.
  8640 | D:6      | Found a shattered altar of Ashenzari.
  8661 | D:6      | Noticed Dowan
  8662 | D:6      | Noticed Duvessa
  8703 | D:6      | Killed Dowan
  8783 | D:6      | Bought a cyan potion for 22 gold pieces
  8817 | D:6      | Killed Duvessa
  8864 | D:6      | Paralysed by Grinder for 3 turns
  8896 | D:6      | Paralysed by Grinder for 3 turns
  8908 | D:6      | Killed Grinder
  9167 | D:6      | Found a staircase to the Ecumenical Temple.
  9360 | D:6      | Reached skill level 5 in Spellcasting
  9360 | D:6      | Reached XP level 9. HP: 65/78 MP: 15/15
  9392 | D:6      | Found a glowing golden altar of the Shining One.
  9714 | D:6      | Noticed Pikel
  9773 | D:6      | Killed Pikel
 11064 | D:7      | Found Wiwu's Book Emporium.
 11165 | D:7      | Reached XP level 10. HP: 21/88 MP: 4/17
 12085 | D:8      | Noticed Prince Ribbit
 12117 | D:8      | HP: 4/88 [Prince Ribbit (14)]
 12523 | D:8      | Found an ornate altar of the Wu Jian Council.
 12540 | D:8      | Reached skill level 5 in Ice Magic
 12567 | D:7      | Killed Prince Ribbit
 12980 | D:8      | Noticed Maurice
 13140 | D:6      | Bought a copper wand for 100 gold pieces
 13151 | Temple   | Entered the Ecumenical Temple
 13371 | Temple   | Became a worshipper of Yredelemnul the Dark
 13528 | D:8      | Noticed Harold
 13619 | D:8      | Killed Maurice
 13619 | D:8      | Reached skill level 1 in Throwing
 13619 | D:8      | Reached skill level 1 in Armour
 13680 | D:8      | Killed Harold
 13680 | D:8      | Reached skill level 1 in Invocations
 13680 | D:8      | Reached skill level 1 in Evocations
 14272 | D:9      | Noticed a cyclops
 14564 | D:9      | Found Dian's Armour Boutique.
 14618 | D:8      | Reached XP level 11. HP: 47/95 MP: 14/19
 14935 | D:9      | Found a staircase to the Lair.
 15591 | D:9      | Noticed a two-headed ogre
 16562 | D:9      | Killed a cyclops
 16768 | D:9      | Found a hide-covered altar of Uskayaw.
 16771 | D:9      | Noticed a +0 dagger
 16772 | D:9      | Noticed a -1 dagger
 17188 | D:9      | Killed a two-headed ogre
 17470 | D:8      | Reached skill level 5 in Air Magic
 17692 | D:8      | Reached skill level 5 in Conjurations
 17881 | D:9      | Found an ancient bone altar of Kikubaaqudgha.
 18044 | D:10     | Entered Level 10 of the Dungeon
 18062 | D:10     | Reached * piety under Yredelemnul
 18402 | Lair:1   | Entered Level 1 of the Lair of Beasts
 18402 | Lair:1   | Noticed Fannar
 19030 | Lair:1   | Killed Fannar
 19628 | Lair:1   | Noticed an eight-headed hydra
 19702 | Lair:2   | Noticed an eight-headed hydra
 19801 | Lair:2   | Noticed Nergalle
 19804 | Lair:2   | Found the +2 shield of Resistance {rF+ rC+ MR+}
 19810 | Lair:2   | Slain by a porcupine

Skill      XL: |  1  2  3  4  5  6  7  8  9 10 11 |
---------------+----------------------------------+-----
Spellcasting   | 2 3 4 5 6 7 |  7.0
Fighting       | 3 4 5 6 7 8 9 |  9.3
Unarmed Combat | 3 4 5 6 7 8 9 |  9.1
Ice Magic      | 2 4 5 6 |  6.5
Conjurations   | 2 3 4 5 |  5.0
Air Magic      | 2 3 4 5 |  5.0
Throwing       | 1 |  1.0
Armour         | 1 |  1.0
Dodging        | 2 3 |  3.0
Translocations | 3 |  3.0
Invocations    | 1 3 |  3.2
Evocations     | 1 2 |  2.2

Action                   |  1- 3 |  4- 6 |  7- 9 | 10-12 || total
-------------------------+-------+-------+-------+-------++-------
Melee: Unarmed           |   127 |   271 |   617 |   637 ||  1652
       Punch             |     2 |     4 |    10 |    16 ||    32
 Fire: Blowgun           |       |       |       |    19 ||    19
Throw: Stone             |       |     5 |       |       ||     5
       Tomahawk          |       |       |     9 |     3 ||    12
       Javelin           |       |       |       |     6 ||     6
Evoke: Wand              |       |       |       |    16 ||    16
  Use: Scroll            |       |       |    20 |     5 ||    25
       Potion            |       |       |     8 |     3 ||    11
 Stab: Invisible         |       |       |     2 |       ||     2
       Paralysed         |       |       |       |    14 ||    14
       Sleeping          |       |       |       |     1 ||     1
  Eat: Chunk             |     5 |    14 |    34 |    32 ||    85
       Ration            |       |     1 |       |       ||     1
Armor: Leather armour    |    32 |    49 |    55 |       ||   136
       Robe              |       |       |   116 |   251 ||   367
Dodge: Dodged            |    71 |   128 |   291 |   396 ||   886
       Deflected         |       |       |     2 |       ||     2
